 Dungeon Crawl Stone Soup version 0.29-a0-275-g389c0b56f3 (webtiles) character file.

Game seed: 10253306234507883820

10355 siradein the Fighter (level 11, -17/102 HPs)
             Began as a Minotaur Fighter on Mar 11, 2022.
             Was a High Priest of Okawaru.
             Demolished by a shadow (24 damage)
             ... on level 10 of the Dungeon.
             The game lasted 00:15:41 (10043 turns).

siradein the Fighter (Minotaur Fighter)            Turns: 10043, Time: 00:15:41

Health: -17/102    AC: 25    Str: 21    XL:     11   Next: 35%
Magic:  0/13       EV:  9    Int:  5    God:    Okawaru [*****.]
Gold:   443        SH:  8    Dex: 14    Spells: 10/10 levels left

rFire   . . .      SeeInvis .   a - +0 war axe
rCold   . . .      Faith    .   c - +0 buckler
rNeg    . . .      Spirit   +   e - +0 plate armour
rPois   .          Reflect  .   (helmet restricted)
rElec   .          Harm     .   H - +2 cloak
rCorr   .          Rampage  .   E - +0 pair of gloves
Will    +....                   f - +1 pair of boots {Stlth+}
Stlth   ..........              r - amulet of guardian spirit
HPRegen 0.27/turn               x - ring of willpower
MPRegen 0.13/turn               (no ring)

@: heroic, studying Maces & Flails
A: horns 2, retaliatory headbutt
a: Renounce Religion, Heroism, Finesse, Duel


You were on level 10 of the Dungeon.
You worshipped Okawaru.
Okawaru was extremely pleased with you.
You visited 2 branches of the dungeon, and saw 11 of its levels.

You collected 547 gold pieces.
You spent 104 gold pieces at shops.

Inventory:

Hand Weapons
 a - a +0 war axe (weapon)
Missiles
 u - a throwing net (quivered)
Armour
 c - a +0 buckler (worn)
 e - a +0 plate armour (worn)
 f - a +1 pair of boots of stealth (worn)
 E - a +0 pair of gloves (worn)
 H - a +2 cloak (worn)
Jewellery
 h - an amulet of magic regeneration
 r - an amulet of guardian spirit (around neck)
 s - a ring of fire
 x - a ring of willpower (left hand)
Wands
 t - a wand of iceblast (27)
 A - a wand of flame (19)
 D - a wand of paralysis (6)
Scrolls
 b - 2 scrolls of torment
 g - a scroll of fog
 k - 3 scrolls of teleportation
 n - 2 scrolls of enchant armour
 o - a scroll of immolation
 q - 4 scrolls of fear
 y - a scroll of holy word
 C - a scroll of magic mapping
 F - a scroll of silence
 I - 2 scrolls of enchant weapon {unknown}
 J - a scroll of blinking {unknown}
Potions
 d - a potion of might
 i - 7 potions of attraction {unknown}
 j - 4 potions of brilliance {unknown}
 l - a potion of mutation {unknown}
 m - a potion of lignification {unknown}
 p - a potion of invisibility {unknown}
 v - 4 potions of curing
 w - 3 potions of heal wounds
 z - 2 potions of magic {unknown}
 B - 2 potions of flight {unknown}
 G - a potion of degeneration {unknown}


   Skills:
 + Level 11.0(16.0) Fighting
 + Level 10.6(15.6) Axes
 + Level 10.9(15.9) Armour
 + Level 10.9(15.9) Shields
 + Level 5.1 Invocations


You had 10 spell levels left.
You didn't know any spells.
Your spell library contained the following spells:

 Spells                   Type           Power      Damage    Failure   Level
 Shock                    Conj/Air       0%         1d3       99%         1
 Swiftness                Air            0%         N/A       100%        3
 Airstrike                Air            0%         N/A       100%        4


Dungeon Overview and Level Annotations

Branches:
Dungeon (10/15)            Temple (1/1) D:6            Lair (0/6) D:9
    Orc: D:9-12

Altars:
Ashenzari
Cheibriados
Dithmenos
Elyvilon
Fedhas
Gozag
Hepliaklqana
Kikubaaqudgha
Makhleb
Nemelex Xobeh
Okawaru
Qazlal
Ru
Sif Muna
Trog
Uskayaw
Vehumet
Wu Jian
Xom
Yredelemnul
Zin
The Shining One

Shops:
D:3 (   D:4 *((![(   D:6 ((*   D:10 (


Innate Abilities, Weirdness & Mutations

You have a pair of horns on your head.
You reflexively headbutt those who attack you in melee.


Message History

Your headbutt misses the cyan ugly thing.
The cyan ugly thing is severely wounded.
The cyan ugly thing stings you but does no damage.
You closely miss the cyan ugly thing.
You headbutt the cyan ugly thing, but do no damage.
The cyan ugly thing is severely wounded.
The cyan ugly thing stings you. The cyan ugly thing shocks you!
You hit the cyan ugly thing but do no damage.
The cyan ugly thing is severely wounded.
You slash the cyan ugly thing!
The cyan ugly thing is severely wounded.
The cyan ugly thing stings you but does no damage.
You slice the cyan ugly thing!!
You kill the cyan ugly thing!
Okawaru accepts your kill.
Your Invocations skill increases to level 5!
You hit the two-headed ogre but do no damage.
You hit the two-headed ogre.
The two-headed ogre is lightly wounded.
The two-headed ogre hits you with a +0 giant spiked club!!
* * * LOW HITPOINT WARNING * * *
The two-headed ogre hits you with a +0 giant spiked club!!
* * * LOW HITPOINT WARNING * * *
You slice the two-headed ogre!! You headbutt the two-headed ogre.
The two-headed ogre is heavily wounded.
You block the two-headed ogre's attack. x2
You slash the two-headed ogre! You headbutt the two-headed ogre!
The two-headed ogre is severely wounded.
You slice the two-headed ogre!!
You kill the two-headed ogre!
Okawaru is honoured by your kill.
Your base Fighting skill increases to level 11!
The shadow strikes at you from the darkness!
* * * LOW HITPOINT WARNING * * *
Reactivating autopickup.
The shadow slips into darkness.
The shadow flickers and vanishes!
Deactivating autopickup; reactivate with Ctrl-A.
The shadow strikes at you from the darkness!
You die...

## .## .. ### ### #..#
♣.♣ ♣♣.♣♣#..# ♣.♣
#♣...♣#..#
##.###o#)#.#..# ♣♣♣♣
#...##)#)#.#..# ...
##...##o#.#@#..#
.♣♣♣♣#.....#.#.#.#..#
oo...#.....#o#.#....##+##
.♣♣♣.oo.≈..o.#⌠#........#
.....#.....#.#.#........#
.♣♣♣♣#.....#.#.#.#......#
.. ##...##.#.#.#......#
♣♣♣ #...##.#.#.#..##.##
##.###.#'#.#..##.#


There were no monsters in sight!

Vanquished Creatures
  3 two-headed ogres
  Pikel (D:6)
  An ugly thing (D:10)
  Psyche (D:8)
  A kobold demonologist (D:10)
  Grinder (D:6)
  A shadow (D:9)
  A human (shapeshifter) (D:10)
  20 yaks
  A steam dragon (D:10)
  Menkaure (D:6)
  An acid dragon (D:10)
  A water moccasin (D:7)
  Edmund (D:4)
  2 ice beasts
  An ogre (D:6)
  3 orc warriors
  A black bear (D:5)
  6 centaurs
  A phantom (D:6)
  3 kobold brigands
  Blork the orc (D:4)
  A necrophage (D:7)
  A bullfrog (D:9)
  2 scorpions
  9 wights
  3 killer bees (D:7)
  3 howler monkeys
  Crazy Yiuf (D:6)
  4 hounds
  2 orc priests
  3 jellies (D:5)
  A gnoll shaman (D:7)
  Ijyb (D:5)
  Natasha (D:2)
  10 orc wizards
  12 gnolls
  5 adders
  2 white imps
  An ufetubus (D:5)
  A worm (D:4)
  2 dart slugs (D:3)
  18 orcs
  4 ball pythons
  6 endoplasms
  4 giant cockroaches
  5 goblins
  7 hobgoblins
  7 quokkas
  4 bats
  9 frilled lizards
  17 kobolds
  A rat (D:1)
200 creatures vanquished.

Vanquished Creatures (others)
  A kobold (D:8)
  10 plants
11 creatures vanquished.

Grand Total: 211 creatures vanquished

Notes
Turn   | Place    | Note
-------+----------+-------------------------------------------
     0 | D:1      | siradein the Minotaur Fighter began the quest for the Orb.
     0 | D:1      | Reached XP level 1. HP: 19/19 MP: 0/0
   365 | D:1      | Reached XP level 2. HP: 27/27 MP: 1/1
   397 | D:1      | Found a faded altar of an unknown god.
   873 | D:2      | Reached skill level 4 in Fighting
   939 | D:2      | Reached XP level 3. HP: 32/33 MP: 2/2
  1121 | D:2      | Noticed Natasha
  1128 | D:2      | Killed Natasha
  1129 | D:2      | Reached XP level 4. HP: 35/41 MP: 3/3
  1549 | D:3      | Found a glowing silver altar of Zin.
  1861 | D:3      | Reached XP level 5. HP: 47/47 MP: 4/4
  1874 | D:3      | Found Giup's Weapon Shop.
  2497 | D:4      | Found Pasit's Distillery.
  2502 | D:4      | Found Keuleris's Antique Weapon Shop.
  2570 | D:4      | Reached skill level 5 in Fighting
  2570 | D:4      | Reached skill level 5 in Armour
  2570 | D:4      | Reached skill level 5 in Shields
  2591 | D:4      | Reached XP level 6. HP: 41/56 MP: 5/5
  2677 | D:4      | Bought a potion of curing for 39 gold pieces
  2677 | D:4      | Bought a potion of heal wounds for 65 gold pieces
  2703 | D:4      | Found Epsaf's Weapon Emporium.
  2805 | D:4      | Noticed Edmund
  2813 | D:4      | Killed Edmund
  2877 | D:4      | Found Wecegg's Weapon Shop.
  2909 | D:4      | Noticed Blork the orc
  2916 | D:4      | Killed Blork the orc
  3147 | D:4      | Found Bibiecisk's Assorted Antiques.
  3288 | D:4      | Found Badghuis's Antique Armour Boutique.
  3514 | D:5      | Entered Level 5 of the Dungeon
  3543 | D:5      | Reached skill level 5 in Axes
  3543 | D:5      | Reached XP level 7. HP: 50/62 MP: 4/6
  3633 | D:5      | Noticed Ijyb
  3647 | D:5      | Killed Ijyb
  3895 | D:5      | Reached skill level 6 in Fighting
  4205 | D:5      | Reached XP level 8. HP: 67/71 MP: 7/7
  4470 | D:6      | Noticed Grinder
  4485 | D:6      | Killed Grinder
  4620 | D:6      | Reached skill level 7 in Fighting
  4707 | D:6      | Found Debbewk's Assorted Antiques.
  4708 | D:6      | Found Citior's Weapon Emporium.
  4710 | D:6      | Found Rixiarph's Weapon Shoppe.
  4718 | D:6      | Noticed Pikel
  4999 | D:6      | Killed Pikel
  5211 | D:6      | Found a staircase to the Ecumenical Temple.
  5224 | D:6      | Noticed Menkaure
  5233 | D:6      | Killed Menkaure
  5234 | D:6      | Reached skill level 8 in Fighting
  5234 | D:6      | Reached XP level 9. HP: 70/81 MP: 5/8
  5339 | Temple   | Entered the Ecumenical Temple
  5607 | Temple   | Became a worshipper of Warmaster Okawaru
  5734 | D:6      | Found a runed translucent door.
  5735 | D:6      | Noticed Crazy Yiuf
  6082 | D:6      | Killed Crazy Yiuf
  6813 | D:7      | Reached * piety under Okawaru
  7360 | D:8      | Reached skill level 9 in Fighting
  7436 | D:8      | Noticed Psyche
  7453 | D:8      | Killed Psyche
  7454 | D:8      | Reached skill level 1 in Invocations
  7460 | D:8      | Reached ** piety under Okawaru
  7737 | D:8      | Reached XP level 10. HP: 61/85 MP: 7/10
  8139 | D:9      | Noticed a two-headed ogre
  8168 | D:9      | Killed a two-headed ogre
  8357 | D:9      | Reached *** piety under Okawaru
  8579 | D:9      | Found a staircase to the Lair.
  8589 | D:9      | Reached skill level 10 in Shields
  8597 | D:9      | Reached skill level 10 in Fighting
  8673 | D:9      | Reached skill level 10 in Armour
  9461 | D:10     | Entered Level 10 of the Dungeon
  9474 | D:10     | Reached **** piety under Okawaru
  9490 | D:10     | Reached skill level 10 in Axes
  9778 | D:10     | Noticed a two-headed ogre
  9785 | D:10     | Reached XP level 11. HP: 89/101 MP: 11/13
  9821 | D:10     | Killed a two-headed ogre
  9821 | D:10     | Reached ***** piety under Okawaru
  9987 | D:10     | Found Xistiggud's Weapon Boutique.
  9997 | D:10     | Noticed a cyan ugly thing
 10004 | D:10     | Noticed a two-headed ogre
 10030 | D:10     | Killed a cyan ugly thing
 10031 | D:10     | Reached skill level 5 in Invocations
 10035 | D:10     | Killed a two-headed ogre
 10036 | D:10     | Reached skill level 11 in Fighting
 10043 | D:10     | Demolished by a shadow

Illustrated notes

Levels and vault maps discovered:
D:1:      dpeg_arrival_simpleton_c, layout_basic,
          dreamdust_ecumenical_altar_hidden_monk_grotto
D:2:      layout_basic, minmay_lizard_king, uniq_natasha
D:3:      layout_basic, old_standard_altar, serial_shops,
          nicolae_shop_waterfront
D:4:      layout_basic, serial_shops, nicolae_shop_overgrown_old_shop,
          nicolae_shop_advertising_works [nicolae_subvault_shop_adworks],
          nicolae_shop_bloodbath_and_beyond, nicolae_square_shop,
          nicolae_stop_n_shop_1, abandoned_shop, nicolae_stop_n_shop_1,
          uniq_edmund, uniq_blork_the_orc
D:5:      layout_basic, uniq_ijyb
D:6:      layout_basic, temple_pool_b, nicolae_wooded_promenade, uniq_menkaure,
          uniq_grinder, uniq_pikel, uniq_crazy_yiuf_cottage
D:7:      nicolae_BIG_FREAKIN_CUBE, layout_basic
D:8:      layout_basic, hangedman_abyss_or_decor_stabs, uniq_psyche
D:9:      layout_loops_ring, lair_entry_dummy, nicolae_underground_beach
D:10:     nzn_winding_woodlands_small [nzn_winding_woodlands_5x15_sidewinder,
          nzn_winding_woodlands_center_garden,
          nzn_winding_woodlands_5x15_longhouse], layout_basic, serial_shops,
          nicolae_diamond_shop
Temple:   nicolae_temple_the_god_donut

Skill      XL: |  1  2  3  4  5  6  7  8  9 10 11 |
---------------+----------------------------------+-----
Fighting       | 4 5 6 8 9 10 11 | 11.0
Armour         | 4 5 6 8 9 10 | 10.9
Shields        | 4 5 6 8 9 10 | 10.9
Axes           | 3 4 5 6 7 8 10 | 10.6
Invocations    | 1 4 5 |  5.1

Action                   |  1- 3 |  4- 6 |  7- 9 | 10-12 || total
-------------------------+-------+-------+-------+-------++-------
Melee: War axe           |    71 |   103 |   283 |   235 ||   692
       Headbutt          |    10 |    11 |    47 |    67 ||   135
Invok: Heroism           |       |       |       |     4 ||     4
  Use: Scroll            |       |       |       |     9 ||     9
 Stab: Sleeping          |       |     1 |     3 |       ||     4
       Petrified         |       |       |     5 |       ||     5
Armor: Scale mail        |    35 |    43 |       |       ||    78
       Leather armour    |       |     7 |   120 |       ||   127
       Chain mail        |       |       |     7 |    22 ||    29
       Plate armour      |       |       |       |   102 ||   102
Dodge: Dodged            |    45 |    39 |   119 |    59 ||   262
Block: Buckler           |    14 |    23 |   101 |    65 ||   203

Table legend: (Time is in decaauts)
 A = Elapsed time spent in this place.
 B = Non-inter-level travel time spent in this place.
 C = Inter-level travel time spent in this place.
 D = Time resting spent in this place.
 E = Time spent auto-exploring this place.
 F = Levels seen in this place.
 G = Mean time per level.
                   A        B        C        D        E       F      G
               +--------+--------+--------+--------+--------+-----+--------+
         Total |  10148 |   9842 |    306 |    265 |   7690 |  11 |  922.5 |
       Dungeon |   9847 |   9541 |    306 |    265 |   7459 |  10 |  984.7 |
        Temple |    301 |    301 |      0 |      0 |    231 |   1 |  301.0 |
               +--------+--------+--------+--------+--------+-----+--------+

Top non-repeatable levels by time:
     D:6: 1454 daAuts
     D:9: 1425 daAuts
     D:7: 1085 daAuts
     D:3: 1046 daAuts
     D:4: 1029 daAuts
     D:5: 967 daAuts
     D:8: 763 daAuts
     D:2: 761 daAuts
     D:1: 736 daAuts
    D:10: 577 daAuts
  Temple: 301 daAuts
